 Dungeon Crawl Stone Soup version 0.26.1-11-gd32895ea62 (webtiles) character file.

Game seed: 4617522628098068095

7509 melloss the Covert (level 10, -7/53 HPs)
             Began as a Spriggan Enchanter on May 11, 2021.
             Was a Priest of Vehumet.
             Killed from afar by a gargoyle (8 damage)
             ... with a stone arrow
             ... on level 12 of the Dungeon on May 12, 2021.
             The game lasted 01:02:22 (14098 turns).

melloss the Covert (Spriggan Enchanter)            Turns: 14098, Time: 01:02:23

Health: -7/53      AC:  2    Str:  4    XL:     10   Next: 95%
Magic:  0/20       EV: 24    Int: 17    God:    Vehumet [***...]
Gold:   517        SH:  0    Dex: 20    Spells: 13/21 levels left

rFire    . . .     SeeInvis +   C - +2 short sword (holy)
rCold    . . .     Faith    .   (shield restricted)
rNeg     + . .     Spirit   +   e - +0 robe {rN+}
rPois    .         Reflect  .   (helmet restricted)
rElec    .         Harm     .   (no cloak)
rCorr    .         Rampage  .   (gloves unavailable)
Will     +....                  (boots unavailable)
Stlth    +++++++...             c - amulet of guardian spirit
HPRegen  0.17/turn              l - ring of stealth
MPRegen  0.17/turn              q - ring of stealth

@: very quick
A: very small, unfitting armour, see invisible, speed 3
a: Renounce Religion


You were on level 12 of the Dungeon.
You worshipped Vehumet.
Vehumet was most pleased with you.
You visited 2 branches of the dungeon, and saw 14 of its levels.
You also visited: Ossuary and Bailey.

You collected 517 gold pieces.

Inventory:

Hand Weapons
 a - a +1 dagger
 d - a +2 short sword of venom
 j - a +0 short sword of speed
 m - a +0 dagger of protection
 z - a +2 short sword of draining
 C - a +2 short sword of holy wrath (weapon)
 G - a +2 short sword of flaming
 I - a +4 dagger
 R - a +3 dagger of freezing
 T - the +3 trident of False Hope {vorpal, *Noise Str+4 Int+9}
   (You found it on level 9 of the Dungeon)

   It inflicts extra damage upon your enemies.
   It affects your strength (+4).
   It affects your intelligence (+9).
   It may make noises in combat.
Missiles
 u - 39 poisoned darts
Armour
 e - a +0 robe of positive energy (worn)
 Q - a +0 troll leather armour
Jewellery
 c - an amulet of guardian spirit (around neck)
 l - a ring of stealth (left hand)
 q - a ring of stealth (right hand)
Wands
 b - a wand of paralysis (4)
 w - a wand of iceblast (16)
 D - a wand of digging (11)
 F - a wand of polymorph (9)
 K - a wand of flame (20)
 L - a wand of enslavement (5)
 P - a wand of random effects (17)
 W - a wand of disintegration (10)
Scrolls
 f - a scroll of fear
 g - 16 scrolls of identify
 h - a scroll of enchant weapon {unknown}
 i - a scroll of magic mapping {unknown}
 o - 5 scrolls of remove curse
 p - 4 scrolls of amnesia
 x - 2 scrolls of blinking {unknown}
 y - 2 scrolls of random uselessness {unknown}
 B - 2 scrolls of enchant armour {unknown}
 E - 4 scrolls of immolation {unknown}
 H - a scroll of torment {unknown}
 M - 2 scrolls of vulnerability {unknown}
 O - 2 scrolls of fog {unknown}
 X - a scroll of brand weapon {unknown}
Potions
 k - a potion of magic {unknown}
 n - 2 potions of heal wounds {unknown}
 r - a potion of brilliance {unknown}
 s - 3 potions of haste {unknown}
 t - a potion of resistance
 v - 3 potions of berserk rage {unknown}
 A - a potion of cancellation {unknown}
 J - 5 potions of flight {unknown}
 N - 2 potions of attraction {unknown}
 S - a potion of mutation {unknown}
 U - a potion of might {unknown}
 V - a potion of lignification {unknown}
 Y - a potion of curing


   Skills:
 - Level 6.0 Fighting
 + Level 9.5 Short Blades
 - Level 8.0 Dodging
 - Level 12.0 Stealth
 - Level 6.0 Spellcasting
 + Level 9.8 Hexes


You had 13 spell levels left.
You knew the following spells:

 Your Spells              Type           Power        Failure   Level
a - Corona                Hex            42%          1%          1
b - Ensorcelled Hibernat  Hex/Ice        42%          2%          2
c - Freeze                Ice            20%          3%          1
d - Shock                 Conj/Air       20%          3%          1
e - Conjure Flame         Conj/Fire      5%           11%         3

Your spell library contained the following spells:

 Spells                   Type           Power        Failure   Level
 Confusing Touch          Hex            38%          1%          3
 Dazzling Flash           Conj/Hex       42%          1%          3
 Tukima's Dance           Hex            38%          1%          3
 Magic Dart               Conj           20%          3%          1
 Fulminant Prism          Conj/Hex       10%          4%          4
 Searing Ray              Conj           10%          5%          2
 Animate Skeleton         Necr           10%          13%         1
 Beastly Appendage        Tmut           10%          13%         1
 Pain                     Necr           20%          13%         1
 Wereblood                Tmut           5%           19%         2
 Iskenderun's Mystic Bla  Conj/Tloc      5%           30%         4
 Spider Form              Tmut/Pois      2%           36%         3
 Vampiric Draining        Necr           2%           36%         3
 Animate Dead             Necr           2%           77%         4
 Ice Form                 Ice/Tmut       5%           77%         4
 Agony                    Necr           5%           98%         5
 Blade Hands              Tmut           2%           98%         5


Dungeon Overview and Level Annotations

Branches:
Dungeon (13/15)            Temple (1/1) D:4            Lair (0/6) D:10
    Orc (0/2) D:12        Ossuary (visited)          Bailey (visited)
 Vaults: D:13-14

Altars:
Ashenzari
Cheibriados
Dithmenos
Elyvilon
Fedhas
Gozag
Hepliaklqana
Kikubaaqudgha
Makhleb
Nemelex Xobeh
Okawaru
Qazlal
Ru
Sif Muna
Trog
Uskayaw
Vehumet
Wu Jian
Xom
Yredelemnul
Zin
The Shining One

Annotations:
D:2 2 transporters, Menkaure


Innate Abilities, Weirdness & Mutations

You are very small and have problems with some larger weapons.
You are too small for most types of armour.
You have supernaturally acute eyesight. (SInv)
You cover ground extremely quickly.


Message History

Found a potion of resistance, a coppery potion and 14 gold pieces.
Found a staircase to the Orcish Mines.
You can't go down here!
The orc priest mumbles some strange prayers to Beogh against you.
Beogh smites you!
The orc skeleton closely misses you. 2 zombies come into view.
The orc priest mumbles some strange prayers to Beogh against something.
Beogh smites you!
Found a runed flail.
The phantom blinks!
A gargoyle comes into view. It is wielding a +0 mace.
The gargoyle hurls a stone arrow at you.
The stone arrow hits you!!
* * * LOW HITPOINT WARNING * * *
Found a cloak.
The gargoyle hurls a stone arrow at you.
The stone arrow misses you.
The gargoyle hurls a stone arrow at you.
The stone arrow hits you!
You die...

######### #.......#
###. #.......# .....
######.......##.....
#.[...@.9...........
#.##########.....##
#.....# ####.....#
#........#
###Z##Z....#
###..Z.Z######
...ZZ.8.Z..Z.#
#..Z....WoZ.Z.#


You could see a gargoyle.

Vanquished Creatures
  A two-headed ogre (D:9)
  2 unseen horrors
  An oklob plant (D:10)
  A cyclops (D:13)
  A gargoyle (D:9)
  2 wyverns
  2 orc warriors
  2 sky beasts
  5 phantoms
  3 black bears
  A necrophage (D:9)
  An ogre (D:8)
  A centaur (D:7)
  A big kobold (D:8)
  4 bullfrogs
  An elf zombie (D:5)
  2 elf skeletons (D:5)
  3 scorpions
  A howler monkey (D:8)
  19 wights
  3 centaur zombies
  3 jellies
  A bullfrog skeleton (D:7)
  A centaur skeleton (D:5)
  An orc priest (D:8)
  A gnoll shaman (D:9)
  4 hounds
  3 orc wizards
  2 human skeletons (D:5)
  3 iguanas
  Natasha (thrice) (D:2)
  10 worker ants
  14 adders
  11 gnolls
  6 shadow imps
  A white imp (D:6)
  An ufetubus (D:9)
  An ooze (D:1)
  2 adder zombies
  2 dart slugs
  A worm (D:3)
  5 leopard geckos
  31 orcs
  10 bats
  7 giant cockroaches
  7 hobgoblins
  6 jackals
  A quokka (D:7)
  2 ball pythons (D:3)
  7 frilled lizards
  14 goblins
  A jackal skeleton (D:4)
  21 kobolds
  2 leopard gecko zombies
  5 orc skeletons (D:5)
  An orc zombie (D:5)
  A quokka skeleton (D:4)
  5 rats
254 creatures vanquished.

Vanquished Creatures (others)
  6 plants (D:10)
6 creatures vanquished.

Grand Total: 260 creatures vanquished

Notes
Turn   | Place    | Note
-------+----------+-------------------------------------------
     0 | D:1      | melloss the Spriggan Enchanter began the quest for the Orb.
     0 | D:1      | Reached XP level 1. HP: 9/9 MP: 5/5
   413 | D:1      | Reached XP level 2. HP: 13/13 MP: 6/6
   444 | D:1      | Reached skill level 5 in Stealth
   803 | D:1      | Reached XP level 3. HP: 14/16 MP: 8/8
  1116 | D:2      | Noticed Natasha
  1131 | D:2      | Killed Natasha
  1132 | D:2      | Reached skill level 6 in Stealth
  1132 | D:2      | Reached XP level 4. HP: 14/21 MP: 3/9
  1344 | D:2      | Noticed Natasha
  1360 | D:2      | Killed Natasha
  1549 | D:2      | Reached skill level 7 in Stealth
  1549 | D:2      | Reached XP level 5. HP: 24/24 MP: 10/10
  1638 | D:2      | Found an ancient bone altar of Kikubaaqudgha.
  1639 | D:2      | Noticed Menkaure
  1640 | D:2      | Found a basalt altar of Yredelemnul.
  1657 | D:2      | Found a transporter.
  1669 | D:2      | Found a transporter.
  1912 | D:2      | Found a faded altar of an unknown god.
  2021 | D:2      | Found a hazy altar of Hepliaklqana.
  2164 | D:2      | Noticed Natasha
  2177 | D:2      | Killed Natasha
  2564 | D:3      | Found a blossoming altar of Fedhas.
  2704 | D:3      | Reached skill level 8 in Stealth
  3047 | D:3      | Reached XP level 6. HP: 28/28 MP: 11/11
  3425 | D:4      | Reached skill level 5 in Short Blades
  3428 | D:4      | Learned a level 2 spell: Ensorcelled Hibernation
  4399 | D:4      | Found a staircase to the Ecumenical Temple.
  4408 | Temple   | Entered the Ecumenical Temple
  4562 | Temple   | Became a worshipper of Vehumet
  4758 | D:5      | Entered Level 5 of the Dungeon
  4988 | D:5      | Reached skill level 5 in Hexes
  4988 | D:5      | Reached XP level 7. HP: 32/32 MP: 14/14
  5009 | D:5      | Found a sand-covered staircase.
  5230 | Ossuary  | Entered an ossuary
  5702 | D:5      | Reached * piety under Vehumet
  5702 | D:5      | Offered knowledge of Freeze by Vehumet.
  5753 | D:5      | Learned a level 1 spell: Freeze
  6082 | D:5      | Found an iron altar of Okawaru.
  6082 | D:5      | Found a glowing silver altar of Zin.
  6164 | D:6      | Found a stormy altar of Qazlal.
  6420 | D:6      | Reached skill level 1 in Fighting
  6420 | D:6      | Reached XP level 8. HP: 33/37 MP: 6/15
  7357 | D:7      | Reached skill level 5 in Dodging
  7794 | D:7      | Offered knowledge of Shock by Vehumet.
  7801 | D:7      | Learned a level 1 spell: Shock
  7913 | D:7      | Reached ** piety under Vehumet
  8568 | D:8      | Reached skill level 9 in Stealth
  8806 | D:8      | Reached XP level 9. HP: 39/44 MP: 14/16
  8975 | D:8      | Reached skill level 10 in Stealth
  9502 | D:8      | Offered knowledge of Ignite Poison by Vehumet.
 10090 | D:9      | Noticed a gargoyle
 10097 | D:9      | Killed a gargoyle
 10098 | D:9      | Reached skill level 11 in Stealth
 10161 | D:9      | Noticed a two-headed ogre
 10166 | D:9      | Killed a two-headed ogre
 10167 | D:9      | Reached skill level 12 in Stealth
 10177 | D:9      | Reached skill level 5 in Spellcasting
 10431 | D:9      | Reached *** piety under Vehumet
 10557 | D:9      | Reached XP level 10. HP: 49/49 MP: 17/19
 10621 | D:9      | Offered knowledge of Conjure Flame by Vehumet.
 10744 | D:9      | Got a brightly glowing trident
 10745 | D:9      | Identified the +3 trident of False Hope {vorpal, *Noise
                  | Str+4 Int+9} (You found it on level 9 of the Dungeon)
 10894 | D:10     | Entered Level 10 of the Dungeon
 11168 | D:10     | Found a staircase to the Lair.
 11193 | D:10     | Noticed an oklob plant
 11620 | D:10     | Found a flagged portal.
 11645 | Bailey   | Entered a bailey
 11650 | Bailey   | Noticed an orc warlord
 11727 | Bailey   | Learned a level 3 spell: Conjure Flame
 12590 | D:10     | HP: 2/51 [acid (10)]
 12601 | D:10     | Killed an oklob plant
 12602 | D:10     | Reached skill level 5 in Fighting
 13424 | D:11     | Noticed an unseen horror
 13448 | D:11     | Killed an unseen horror
 13835 | D:11     | You fall into a shaft and drop 2 floors!
 13840 | D:13     | Noticed an unseen horror
 13844 | D:13     | Killed an unseen horror
 13931 | D:13     | Noticed a cyclops
 13947 | D:13     | Killed a cyclops
 14083 | D:12     | Found a staircase to the Orcish Mines.
 14083 | D:12     | Noticed a cyclops
 14083 | D:12     | Noticed a manticore
 14092 | D:12     | Noticed a gargoyle
 14095 | D:12     | HP: 1/53 [gargoyle/stone arrow (21)]
 14098 | D:12     | Killed from afar by a gargoyle

Illustrated notes

Levels and vault maps discovered:
D:1:      minmay_arrival_pointy, layout_loops_ring
D:2:      layout_loops_ring, gammafunk_temple_of_torment,
          nzn_hepliaklqana_mist_gate, chequers_ecumenical_altar_grove,
          minmay_stone_trees_large, mrwooster_statue_mirror, uniq_natasha
D:3:      layout_basic, nicolae_overflow_hidden_temple
D:4:      layout_rooms, temple_hall
D:5:      layout_gridville, gammafunk_temple_overflow_elements,
          nicolae_ossuary_entry_catacombs, hex_medium
D:6:      layout_basic, grunt_qazlal_sundering
D:7:      layout_loops_ring, grunt_decor_arrowhead
D:8:      layout_layer_cave
D:9:      layout_roguey
D:10:     layout_loops_ring, dpeg_oklobed_lair, enter_bailey_4
D:11:     layout_stronghold, uniq_grum
D:12:     layout_basic, zombieorc2_lemuel, trove_entry_hex_spiral,
          minmay_statue_crystal_thing
D:13:     minmay_opposing_rooms, layout_rooms, david_vaults_4,
          gauntlet_entry_generic, grunt_ministairs_1
Temple:   regret_index_temple_sphere_string

Skill      XL: |  1  2  3  4  5  6  7  8  9 10 |
---------------+-------------------------------+-----
Stealth        | 5 6 7 8 9 12 | 12.0
Short Blades   | 2 3 4 5 8 9 |  9.5
Spellcasting   | 4 5 6 |  6.0
Hexes          | 5 8 9 |  9.8
Fighting       | 1 3 6 |  6.0
Dodging        | 8 |  8.0

Action                   |  1- 3 |  4- 6 |  7- 9 | 10-12 || total
-------------------------+-------+-------+-------+-------++-------
Melee: Dagger            |    18 |       |     3 |       ||    21
       Short sword       |    59 |   243 |   402 |   373 ||  1077
 Cast: Ensorcelled Hiber |       |     5 |    13 |     7 ||    25
       Corona            |       |       |     1 |       ||     1
       Shock             |       |       |     4 |     1 ||     5
Evoke: Wand              |       |       |     1 |       ||     1
  Use: Scroll            |       |     5 |     1 |     1 ||     7
       Potion            |       |     1 |     1 |     1 ||     3
 Stab: Sleeping          |     5 |    31 |    43 |    10 ||    89
       Distracted        |       |     1 |     1 |       ||     2
Armor: Robe              |    10 |    11 |    11 |     5 ||    37
Dodge: Dodged            |    54 |   161 |   227 |   266 ||   708
